 Dungeon Crawl Stone Soup version 0.18-a0-116-g2d311b1 (webtiles) character file.

285 Proton the Covered (level 6, 14/55 HPs)
             Began as a Deep Dwarf Fighter on Nov 16, 2015.
             Drowned
             ... in a sewer.
             The game lasted 00:08:23 (2377 turns).

Proton the Covered (Deep Dwarf Fighter)             Turns: 2377, Time: 00:08:23

Health: 14/55      AC:  7    Str: 21    XL:     6   Next: 7%
Magic:  6/6        EV:  9    Int:  6    God:
Gold:   254        SH:  0    Dex: 12    Spells: 0 memorised, 5 levels left

rFire  . . .     SeeInvis .     y - +0 blowgun
rCold  . . .     Clarity  .     b - +0 scale mail
rNeg   . . .     SustAt   .     (no shield)
rPois  .         Gourm    .     (no helmet)
rElec  .         Spirit   .     (no cloak)
rCorr  .         Warding  .     (no gloves)
rMut   .         Stasis   .     (no boots)
MR     .....                    (no amulet)
Stlth  ..........               (no ring)
                                q - -3 ring of intelligence (curse)

@: non-regenerating, not resistant to hostile enchantments, extremely unstealthy
A: damage resistance, recharge devices, sense surroundings 1, slow regeneration
3
a: Device Recharging


You were in a sewer.
You were hungry.

You visited 1 branch of the dungeon, and saw 3 of its levels.
You also visited: Sewer.

You collected 254 gold pieces.

Inventory:

Hand Weapons
 a - a +0 war axe
 y - a +0 blowgun (weapon)
Missiles
 g - 18 poisoned needles (quivered)
 s - 4 javelins
 u - 5 curare-tipped needles
Armour
 b - a +0 scale mail (worn)
Jewellery
 q - a cursed -3 ring of intelligence (left hand)
Wands
 e - a wand of heal wounds (3)
 x - a wand of polymorph (5)
Scrolls
 h - 2 scrolls of magic mapping {unknown}
 m - 5 scrolls of teleportation {unknown}
 o - a scroll of random uselessness {unknown}
 p - a scroll of fear {unknown}
 v - a scroll of enchant weapon {unknown}
 w - a scroll of immolation {unknown}
 A - a scroll of blinking {unknown}
Potions
 c - a potion of invisibility {unknown}
 d - a potion of might
 i - 4 potions of curing
 j - 5 potions of flight
 k - 3 potions of cure mutation
 n - a potion of agility {unknown}
 r - 2 potions of ambrosia
Comestibles
 f - a bread ration
 l - a meat ration
 t - 7 fruits
 z - a slice of pizza


   Skills:
 - Level 2.6 Fighting
 + Level 5.1 Axes
 + Level 5.8 Armour
   Level 3.2 Shields


You had 5 spell levels left.
You didn't know any spells.

Dungeon Overview and Level Annotations

Branches:
Dungeon (3/15)

Altars:
Makhleb
Okawaru
Trog
Zin


Innate Abilities, Weirdness & Mutations

You are resistant to damage.
You can recharge devices by infusing magical energy.
You passively map a small area around you.
You do not regenerate naturally.


Message History

You feel very buoyant.
You fly up into the air.
Partly explored, can't reach some items and places.
Partly explored, can't reach some items and places.
Partly explored, can't reach some items and places.
You are starting to lose your buoyancy.
Are you sure you want to fly over deep water while you are losing your buoyancy? [Y]es or [N]o only, please.
Are you sure you want to fly over deep water while you are losing your buoyancy?
Okay, then.
Are you sure you want to fly over deep water while you are losing your buoyancy? [Y]es or [N]o only, please.
Are you sure you want to fly over deep water while you are losing your buoyancy? [Y]es or [N]o only, please.
Are you sure you want to fly over deep water while you are losing your buoyancy? [Y]es or [N]o only, please.
Are you sure you want to fly over deep water while you are losing your buoyancy?
You float gracefully downwards.
You fall into the water!
You sink like a stone!
You drown...
You die...

#≈≈.≈≈≈≈≈≈≈≈≈≈≈≈≈≈≈≈.
#≈≈≈≈≈≈≈.≈≈.≈≈≈≈≈≈≈≈≈
#≈≈≈################≈
#≈≈≈# #. #≈≈≈# #≈
#.≈.# #.
#≈≈≈################≈
#.≈≈≈≈.≈≈≈≈≈≈.≈≈≈.≈≈≈
#≈≈≈@≈≈≈≈≈≈≈≈≈≈≈≈≈≈≈≈
#≈.≈≈≈≈≈≈≈≈.≈≈≈≈.≈≈≈≈
#≈≈≈###.≈≈#≈###≈≈≈##≈
#≈≈≈# #≈≈≈### #≈≈≈##≈
#≈≈≈# #≈..# #≈≈≈##≈
#≈≈≈###≈.## #≈≈≈##≈
#≈≈≈##...# #≈≈≈##≈
#≈≈≈###..# #≈≈≈##≈
#≈≈≈###..## #≈≈≈##≈


There were no monsters in sight!

Vanquished Creatures
  An orc wizard (D:3)
  2 hounds (D:3)
  An iguana (D:3)
  A gnoll (D:3)
  3 adders
  5 oozes (Sewer)
  7 worms
  3 giant geckos
  7 orcs (D:3)
  A ball python (D:1)
  12 bats
  7 giant cockroaches
  11 goblins
  6 hobgoblins
  4 jackals (Sewer)
  2 quokkas (D:3)
  4 giant newts
  10 kobolds
  8 rats
95 creatures vanquished.

Notes
Turn   | Place    | Note
--------------------------------------------------------------
     0 | D:1      | Proton the Deep Dwarf Fighter began the quest for the Orb.
     0 | D:1      | Reached XP level 1. HP: 20/20 MP: 1/1
   172 | D:1      | Reached XP level 2. HP: 22/27 MP: 2/2
   729 | D:2      | Reached skill level 4 in Armour
   729 | D:2      | Reached XP level 3. HP: 26/33 MP: 3/3
  1120 | D:3      | Reached XP level 4. HP: 12/40 MP: 4/4
  1160 | D:3      | Found a bloodstained altar of Trog.
  1277 | D:3      | Found a burning altar of Makhleb.
  1278 | D:3      | Found a glowing silver altar of Zin.
  1278 | D:3      | Noticed an angel
  1281 | D:3      | Noticed a green death
  1328 | D:3      | Reached skill level 5 in Armour
  1407 | D:3      | Reached XP level 5. HP: 24/46 MP: 5/5
  1469 | D:3      | Found an iron altar of Okawaru.
  1639 | D:3      | Found a glowing drain.
  1643 | Sewer    | Entered a sewer
  1971 | Sewer    | Reached skill level 5 in Axes
  2160 | Sewer    | Reached XP level 6. HP: 14/55 MP: 6/6
  2377 | Sewer    | Drowned

Vault maps used:
D:1:      lemuel_arrival_hallway
D:2:      dk_noncrumbling_4, dk_noncrumbling_3
D:3:      lemuel_upstairs_altar, grunt_temple_overflow_order_and_chaos_2,
          overflow_temple_1_default, bloody_trog, gup_sewer_entry_spiral,
          cheibrodos_gnoll_hut
Sewer:    sewer_fruit_machine

Action                   |  1- 3 |  4- 6 || total
-------------------------+-------+-------++-------
Melee: War axe           |    78 |   200 ||   278
 Fire: Blowgun           |       |    25 ||    25
Evoke: Wand              |       |     2 ||     2
  Use: Scroll            |       |     5 ||     5
       Potion            |       |     2 ||     2
  Eat: Meat ration       |     1 |       ||     1
